 Dungeon Crawl Stone Soup version 0.25-b1-23-ge2ad7d536c (webtiles) character file.

Game seed: 14740305674674725613, levelgen mode: deterministic

9488 raph the Slinger (level 11, -5/72 HPs)
             Began as a Halfling Berserker on May 28, 2020.
             Was a High Priest of Trog.
             Slain by a red ugly thing (13 damage)
             ... on level 13 of the Dungeon.
             The game lasted 00:27:55 (10254 turns).

raph the Slinger (Halfling Berserker)              Turns: 10254, Time: 00:27:55

Health: -5/72      AC: 14    Str: 24    XL:     11   Next: 75%
Magic:  11/11      EV: 17    Int:  5    God:    Trog [*****.]
Gold:   707        SH:  0    Dex: 18    Spells: 10/10 levels left

rFire    . . .     SeeInvis .   a - +1 short sword
rCold    + . .     Gourm    .   (shield restricted)
rNeg     . . .     Faith    .   y - +4 scale mail {rC+}
rPois    .         Spirit   .   e - +2 helmet
rElec    .         Reflect  .   (no cloak)
rCorr    .         Harm     .   (no gloves)
MR       +....                  (no boots)
Stlth    ..........             m - amulet of regeneration
HPRegen  0.62/turn              k - ring of protection from magic
MPRegen  0.12/turn              r - +6 ring of strength

@: confused
A: small, mutation resistance 1
a: Berserk, Trog's Hand, Brothers in Arms, Renounce Religion


You were on level 13 of the Dungeon.
You worshipped Trog.
Trog was extremely pleased with you.
You were not hungry.

You visited 1 branch of the dungeon, and saw 13 of its levels.

You collected 707 gold pieces.

Inventory:

Hand Weapons
 a - a +1 short sword (weapon)
 b - a +0 hunting sling
 h - the cursed +0 hunting sling "Mudieh" {vorpal, rPois Dex+6, unknown}
   (You found it on level 14 of the Dungeon)

   Any stone fired from it inflicts extra damage.
   It affects your dexterity (+6).
   It protects you from poison.
   It has a curse placed upon it.
 w - a +3 antimagic dagger
Missiles
 g - 395 stones
 s - 11 boomerangs
 J - 19 poisoned darts (quivered)
Armour
 d - a +0 animal skin
 e - a +2 helmet (worn)
 j - a +0 ring mail
 l - a +1 leather armour of fire resistance
 x - a +0 plate armour
 y - a +4 scale mail of cold resistance (worn)
Jewellery
 k - a ring of protection from magic (left hand)
 m - an amulet of regeneration (around neck)
 q - a +6 ring of intelligence
 r - a +6 ring of strength (right hand)
 I - the ring of Ewe Jyo {*Tele Str+3 Int+7}
   (You took it off an orc on level 8 of the Dungeon)

   [ring of teleportation]

   It may teleport you next to monsters.
   It affects your strength (+3).
   It affects your intelligence (+7).
Wands
 v - a wand of digging (6)
 D - a wand of polymorph (5)
 H - a wand of disintegration (7)
 M - a wand of flame (15)
Scrolls
 f - 2 scrolls of fear
 o - 3 scrolls of amnesia
 p - 6 scrolls of remove curse
 F - 4 scrolls of identify
 L - 2 scrolls of enchant armour
Potions
 t - a potion of curing
 u - 2 potions of haste
 z - 2 potions of invisibility
 A - 6 potions of flight
 B - 2 potions of resistance
 C - a potion of might
 E - a potion of stabbing
 G - a potion of mutation
Comestibles
 c - 23 rations


   Skills:
 + Level 5.4 Fighting
 - Level 12.0 Short Blades
 * Level 14.2 Slings
 + Level 6.0 Armour
 + Level 6.0 Dodging
 + Level 5.9 Stealth


You had 10 spell levels left.
You didn't know any spells.
Your spell library was empty.

Dungeon Overview and Level Annotations

Branches:
Dungeon (15/15)            Temple (0/1) D:4             Orc (0/2) D:9
   Lair: D:8-11      Vaults: D:13-14     Depths: D:15

Altars:
Gozag
Hepliaklqana
Makhleb
Nemelex Xobeh
Qazlal
Trog
Uskayaw
Xom
Zin

Annotations:
D:9 5 runed translucent doors


Innate Abilities, Weirdness & Mutations

You are small and have problems with some larger weapons.
You are somewhat resistant to further mutation.


Message History

The golden eye blinks!
The red ugly thing closely misses you.
You eat one of the 24 rations.
That ration really hit the spot!
The golden eye blinks at you.
You are confused.
The red ugly thing kicks you but does no damage.
You're too confused to move!
The red ugly thing barely misses you.
The golden eye changes into a blink frog!
The red ugly thing closely misses you.
You're too confused to move!
The red ugly thing kicks you.
You are engulfed in flames!!
* * * LOW HITPOINT WARNING * * *
You're too confused to move!
The brown ugly thing misses you.
The red ugly thing kicks you but does no damage.
Okay, then.
You bump into the rock wall.
The brown ugly thing claws you but does no damage.
The red ugly thing kicks you.
* * * LOW HITPOINT WARNING * * *
You are engulfed in flames!
You die...

#......(.(.# #.#
#..........# #.#
#..........# #.#
#######+##### #(#
...# #(#
#######.### #.##
#.).......# #(.#
#........F###
##..#
#.......uu@.# #c#
#........u#.......
..#
#......)..########


.ccc #.........# .### ##.######## ># #.# #.# ##.# #..# You could see 3 ugly
things and a blink frog shaped shifter.

Vanquished Creatures
  A skeletal warrior (D:10)
  Joseph (D:9)
  5 centaur skeletons (D:10)
  A gargoyle (D:10)
  A troll (D:10)
  Grinder (D:3)
  A hippogriff (D:7)
  Prince Ribbit (D:9)
  A flying skull (D:10)
  5 shadows
  A vampire (D:10)
  Eustachio (D:4)
  2 hungry ghosts (D:9)
  2 vampire mosquitoes (D:14)
  Menkaure (D:4)
  A sky beast (D:13)
  2 ice beasts (D:8)
  4 ogres
  3 centaurs
  A crocodile (D:7)
  9 bullfrogs
  2 wyvern skeletons (D:10)
  A troll zombie (D:9)
  A water moccasin zombie (D:5)
  A scorpion (D:6)
  3 water moccasin skeletons
  2 wights (D:10)
  7 howler monkeys
  5 crimson imps
  2 bullfrog zombies (D:10)
  3 bullfrog skeletons
  2 jellies
  7 orc priests
  6 hounds
  6 orc wizards
  2 iguanas (D:9)
  5 worker ants
  A killer bee zombie (D:10)
  5 ogre zombies (D:9)
  A hound zombie (D:5)
  Robin (D:2)
  8 gnolls
  2 river rats (D:3)
  5 adders
  A shadow imp (D:7)
  4 worms
  3 dart slugs
  6 leopard geckos
  33 orcs
  4 bats
  10 giant cockroaches
  14 goblins
  13 hobgoblins
  7 kobolds
  3 quokkas
  3 ball pythons (D:3)
  6 frilled lizards
  3 goblin skeletons (D:9)
  4 goblin zombies (D:9)
  2 hobgoblin zombies (D:9)
  A jackal skeleton (D:8)
  A leopard gecko skeleton (D:7)
  A leopard gecko zombie (D:7)
  2 orc skeletons (D:9)
  9 orc zombies (D:9)
  2 quokka skeletons
  9 rats
264 creatures vanquished.

Vanquished Creatures (collateral kills)
  3 flying skulls
  3 shadows (D:10)
  A phantom (D:9)
  A wyvern skeleton (D:10)
  A scorpion (D:10)
  A wight (D:10)
  A bullfrog zombie (D:10)
  An orc priest (D:9)
  An ogre zombie (D:9)
  A hound zombie (D:10)
  A worker ant zombie (D:10)
  An orc (D:13)
  2 goblin zombies (D:9)
  3 orc zombies (D:9)
21 creatures vanquished.

Vanquished Creatures (others)
  An ogre zombie (D:9)
1 creature vanquished.

Grand Total: 286 creatures vanquished

Notes
Turn   | Place    | Note
-------+----------+-------------------------------------------
     0 | D:1      | raph the Halfling Berserker began the quest for the Orb.
     0 | D:1      | Reached XP level 1. HP: 15/15 MP: 1/1
    53 | D:1      | Reached skill level 1 in Slings
   239 | D:1      | Reached XP level 2. HP: 20/20 MP: 2/2
   524 | D:1      | Reached skill level 2 in Slings
   577 | D:1      | Reached XP level 3. HP: 25/25 MP: 3/3
  1238 | D:1      | Found a burning altar of Makhleb.
  1240 | D:1      | Found a bloodstained altar of Trog.
  1240 | D:1      | Found an opulent altar of Gozag.
  1242 | D:1      | Found a shattered altar of Ashenzari.
  1242 | D:1      | Found a shimmering altar of Xom.
  1242 | D:1      | Found a hazy altar of Hepliaklqana.
  1473 | D:2      | Reached ** piety under Trog
  1528 | D:2      | Noticed Robin
  1537 | D:2      | Reached XP level 4. HP: 30/30 MP: 4/4
  1568 | D:2      | Killed Robin
  1568 | D:2      | Reached skill level 5 in Short Blades
  1568 | D:2      | Reached skill level 3 in Slings
  2061 | D:2      | Reached XP level 5. HP: 35/35 MP: 5/5
  2112 | D:3      | Noticed a centaur
  2113 | D:3      | Found a hide-covered altar of Uskayaw.
  2118 | D:3      | Killed a centaur
  2118 | D:3      | Reached skill level 4 in Slings
  2118 | D:3      | Reached XP level 6. HP: 41/41 MP: 6/6
  2199 | D:3      | Noticed Grinder
  2214 | D:3      | Killed Grinder
  2214 | D:3      | Reached skill level 5 in Slings
  2214 | D:3      | Reached XP level 7. HP: 45/45 MP: 7/7
  2302 | D:3      | Found a bloodstained altar of Trog.
  2511 | D:3      | Reached *** piety under Trog
  2718 | D:3      | Found a sparkling altar of Nemelex Xobeh.
  2905 | D:3      | You fall into a shaft and drop 3 floors!
  2928 | D:5      | Entered Level 5 of the Dungeon
  2966 | D:4      | Reached skill level 6 in Slings
  3122 | D:4      | Noticed Eustachio
  3127 | D:4      | Reached XP level 8. HP: 51/51 MP: 8/8
  3249 | D:3      | Reached **** piety under Trog
  3468 | D:3      | Found an opulent altar of Gozag.
  3468 | D:3      | Found a stormy altar of Qazlal.
  3550 | D:4      | Noticed Menkaure
  3556 | D:4      | Killed Menkaure
  3556 | D:4      | Reached skill level 7 in Slings
  3636 | D:4      | Killed Eustachio
  4047 | D:4      | Found a staircase to the Ecumenical Temple.
  4159 | D:5      | Reached skill level 10 in Short Blades
  4239 | D:5      | Reached skill level 8 in Slings
  4611 | D:5      | Found a stormy altar of Qazlal.
  5075 | D:6      | Reached XP level 9. HP: 54/55 MP: 9/9
  5682 | D:7      | Reached skill level 9 in Slings
  5686 | D:7      | Noticed a hippogriff
  5704 | D:7      | Killed a hippogriff
  6012 | D:7      | Reached skill level 10 in Slings
  6127 | D:7      | Found a burning altar of Makhleb.
  6132 | D:7      | Noticed a cacodemon
  6136 | D:7      | Found a glowing silver altar of Zin.
  6136 | D:7      | Noticed an angel
  6568 | D:8      | Reached skill level 1 in Stealth
  6689 | D:8      | Reached ***** piety under Trog
  6739 | D:8      | Reached XP level 10. HP: 59/63 MP: 10/10
  6779 | D:8      | Reached skill level 11 in Slings
  6800 | D:8      | Identified the ring of Ewe Jyo {*Tele Str+3 Int+7}
  7303 | D:9      | Found a staircase to the Orcish Mines.
  7629 | D:9      | Noticed Prince Ribbit
  7653 | D:9      | Killed Prince Ribbit
  7706 | D:9      | Reached skill level 12 in Slings
  7878 | D:9      | Noticed Joseph
  7912 | D:9      | Killed Joseph
  8273 | D:9      | Found the +9 staff of Olgreb {rPois∞}
  8283 | D:9      | Found a runed translucent gate.
  8283 | D:9      | Found a runed translucent gate.
  8284 | D:9      | Found a runed translucent door.
  8294 | D:9      | Found a runed translucent gate.
  8296 | D:9      | Found a runed translucent door.
  8507 | D:10     | Entered Level 10 of the Dungeon
  8508 | D:10     | Noticed a gargoyle
  8530 | D:10     | Killed a gargoyle
  8690 | D:10     | Received a gift from Trog
  8828 | D:10     | Reached XP level 11. HP: 66/70 MP: 3/11
  8847 | D:10     | Reached skill level 13 in Slings
  8856 | D:10     | Reached skill level 5 in Dodging
  8882 | D:10     | Noticed a skeletal warrior
  8887 | D:10     | Reached skill level 5 in Armour
  8925 | D:10     | Killed a skeletal warrior
  8925 | D:10     | Reached skill level 5 in Stealth
  8941 | D:9      | Reached skill level 5 in Fighting
  9353 | D:10     | Reached skill level 14 in Slings
  9661 | D:10     | You fall into a shaft and drop 3 floors!
  9661 | D:13     | Found a bloodstained altar of Trog.
  9662 | D:13     | Noticed a deep elf mage
  9692 | D:13     | Noticed a centaur warrior
  9698 | D:13     | Noticed an orb spider
  9698 | D:13     | a queen bee changed into an orb spider
  9856 | D:13     | Noticed a vault guard
  9967 | D:13     | Noticed a green ugly thing
  9994 | D:13     | You fall into a shaft and drop 2 floors!
  9994 | D:15     | Entered Level 15 of the Dungeon
  9994 | D:15     | Noticed a green ugly thing
  9994 | D:15     | Noticed a green ugly thing
  9996 | D:15     | Noticed a green ugly thing
 10016 | D:15     | Noticed a six-headed hydra
 10018 | D:15     | Noticed a green ugly thing
 10063 | D:15     | Noticed a manticore
 10159 | D:14     | Noticed a purple ugly thing
 10160 | D:14     | Noticed a purple ugly thing
 10160 | D:14     | Noticed a purple ugly thing
 10161 | D:14     | Noticed a purple ugly thing
 10162 | D:14     | Noticed a purple ugly thing
 10163 | D:14     | Noticed a purple ugly thing
 10186 | D:14     | Noticed a cyclops
 10188 | D:14     | Got a crystal hunting sling
 10254 | D:13     | Slain by a red ugly thing

Illustrated notes

Levels and vault maps discovered:
D:1:      dpeg_arrival_erosion, layout_loops_ring, minivault_5,
          hangedman_glass_teeth, doesnt_xom_only_xom
D:2:      layout_loops_ring, uniq_robin
D:3:      layout_basic, overflow_temple_1_default,
          nemelex_xobeh_ov_fountains_minmay, eat_drink_and_be_merry_uskayaw,
          gammafunk_temple_overflow_wave, portal_sewer_entry_b, uniq_grinder
D:4:      layout_cave_pools, minmay_temple_entry_nine_rooms, uniq_menkaure,
          uniq_eustachio
D:5:      layout_basic, first_ration, basic_altar, grunt_decor_one_mirror
D:6:      layout_basic
D:7:      layout_cave_pools, grunt_temple_overflow_order_and_chaos_2,
          serial_column_ruins, column_ruins_square_large, column_ruins_grid_2,
          column_ruins_open_small, column_ruins_grid_1
D:8:      layout_basic
D:9:      layout_basic, zombieorc2_lemuel, grunt_ogre_cave,
          minmay_guarded_unrand_staff_of_olgreb, uniq_joseph,
          uniq_prince_ribbit1
D:10:     hangedman_screamer, layout_loops_ring, david_lair_generic,
          minmay_lindwurm_lava, uniq_nergalle
D:13:     layout_roguey, grunt_vaults_entry_fortified, basic_altar
D:14:     lemuel_bear_cage, layout_rooms, chequers_serial_rivers_micro_c
D:15:     hangedman_depths_entry_try_elsewhere_first, layout_basic,
          chequers_jeans, lemuel_hellish_altar, uniq_roxanne

Skill      XL: |  1  2  3  4  5  6  7  8  9 10 11 |
---------------+----------------------------------+-----
Slings         | 1 2 3 4 5 6 8 10 12 14 | 14.2
Short Blades   | 4 5 6 7 8 10 12 | 12.0
Stealth        | 1 4 5 |  5.9
Fighting       | 3 4 5 |  5.4
Dodging        | 4 6 |  6.0
Armour         | 4 6 |  6.0

Action                   |  1- 3 |  4- 6 |  7- 9 | 10-12 || total
-------------------------+-------+-------+-------+-------++-------
Melee: Short sword       |    89 |    82 |   467 |   642 ||  1280
       Dagger            |       |       |       |    44 ||    44
 Fire: Hunting sling     |       |       |    82 |   108 ||   190
Throw: Dart              |       |       |       |     1 ||     1
Invok: Berserk           |     2 |     3 |     8 |    10 ||    23
       Trog's Hand       |       |       |     2 |     5 ||     7
       Brothers in Arms  |       |       |       |     4 ||     4
  Use: Potion            |       |     1 |       |     4 ||     5
       Scroll            |       |       |    16 |    10 ||    26
 Stab: Sleeping          |     1 |       |       |     2 ||     3
  Eat: Chunk             |     3 |     5 |    16 |     8 ||    32
       Ration            |       |       |     2 |     7 ||     9
Armor: Animal skin       |     3 |       |       |       ||     3
       Ring mail         |    17 |    20 |    10 |       ||    47
       Scale mail        |       |       |   145 |   171 ||   316
       Plate armour      |       |       |     5 |       ||     5
Dodge: Dodged            |    42 |    72 |   242 |   424 ||   780
